 Dungeon Crawl Stone Soup version 0.17-a0-1763-g847a857 (webtiles) character file.

77 kosy22 the Skirmisher (level 4, -2/58 HPs)
             Began as a Centaur Berserker on Sept 4, 2015.
             Was a Believer of Trog.
             Slain by a gnoll (6 damage)
             ... on level 3 of the Dungeon.
             The game lasted 00:06:42 (2589 turns).

kosy22 the Skirmisher (Centaur Berserker)           Turns: 2589, Time: 00:06:42

Health: -2/58      AC:  7    Str: 26    XL:     4   Next: 14%
Magic:  4/4        EV:  6    Int:  6    God:    Trog [**....]
Gold:   54         SH:  0    Dex:  8    Spells: 0 memorised, 3 levels left

rFire  . . .     SeeInvis .     g - +1 dagger (drain)
rCold  . . .     Clarity  .     d - +0 chain mail
rNeg   . . .     SustAt   .     (no shield)
rPois  .         Gourm    .     (no helmet)
rElec  .         Spirit   .     (no cloak)
rCorr  .         Warding  .     (no gloves)
rMut   .         Stasis   .     (no barding)
MR     ++...                    (no amulet)
Stlth  ..........               (no ring)
                                (no ring)

@: berserking, about to teleport, regenerating, drained, very quick, very
resistant to hostile enchantments, extremely unstealthy
A: hooves 3, deformed body, speed 2, tough skin 3
a: Burn Spellbooks, Berserk, Trog's Hand, Renounce Religion


You were on level 3 of the Dungeon.
You worshipped Trog.
Trog was pleased with you.
You were full.

You visited 1 branch of the dungeon, and saw 3 of its levels.

You collected 54 gold pieces.

Inventory:

Hand weapons
 a - a +0 mace
 e - a +2 dagger of flaming
 g - a +1 dagger of draining (weapon)
Armour
 b - a +0 animal skin
 d - a +0 chain mail (worn)
Potions
 c - a potion of lignification
 h - a potion of ambrosia
 j - a potion of cancellation {unknown}
 k - a potion of agility {unknown}
 l - a potion of magic {unknown}
 m - a potion of brilliance {unknown}
Comestibles
 f - a bread ration
 i - 4 fruits
 n - a meat ration


   Skills:
 + Level 3.6(3.4) Fighting
 + Level 0.1(0.0) Short Blades
 + Level 3.1(2.9) Maces & Flails
 + Level 1.9(1.7) Armour
 + Level 2.1(2.0) Dodging
 + Level 0.1(0.0) Stealth


You had 3 spell levels left.
You didn't know any spells.

Dungeon Overview and Level Annotations

Branches:
Dungeon (3/15)

Altars:


Innate Abilities, Weirdness & Mutations

You have hooves in place of feet.
Armour fits poorly on your strangely shaped body.
You cover ground very quickly.
You have extremely tough skin (AC +3).


Message History

Use which ability?
Your skin crawls.
You feel resistant to hostile enchantments.
You feel slightly less full. The gnoll hits you.
* * * LOW HITPOINT WARNING * * *
The gnoll hits you from afar with a spear.
* * * LOW HITPOINT WARNING * * *
Read which item? (? for menu, Esc to quit)
As you read the scroll of teleportation, it crumbles to dust.
You feel strangely unstable. The gnoll hits you but does no damage.
The gnoll hits you from afar with a spear.
* * * LOW HITPOINT WARNING * * *
You don't know any spells.
Use which ability?
A red film seems to cover your vision as you go berserk!
You feel yourself moving faster!
You feel mighty!
You feel somewhat less full. The gnoll barely misses you.
The gnoll hits you but does no damage.
You feel a strong urge to attack something.
The gnoll hits you.
You die...

## ..
####.#
#.... ##
.... g.#.g
#.#)# #g#.#
#.g@#
###..##
#....<#
#.###.....#
#.
#####.... #
#.


You could see 3 gnolls.

Vanquished Creatures
  An adder (D:2)
  A gnoll (D:3)
  2 worms
  7 bats
  9 hobgoblins
  6 kobolds
  2 giant cockroaches (D:2)
  3 giant geckos
  5 giant newts
  7 goblins
  2 quokkas
  3 rats (D:1)
  A plant (D:1)
49 creatures vanquished.

Notes
Turn   | Place    | Note
--------------------------------------------------------------
     0 | D:1      | kosy22 the Centaur Berserker began the quest for the Orb.
     0 | D:1      | Reached XP level 1. HP: 19/19 MP: 1/1
   257 | D:1      | Reached XP level 2. HP: 10/26 MP: 2/2
  1579 | D:1      | Reached XP level 3. HP: 29/31 MP: 3/3
  1869 | D:2      | Acquired Trog's second power
  2585 | D:3      | Reached XP level 4. HP: 15/39 MP: 4/4
  2586 | D:3      | HP: 1/39 [gnoll/spear (6)]
  2589 | D:3      | Slain by a gnoll

Vault maps used:
D:1:      kilobyte_arrival_exit_the_forest, minmay_misc_feat_tiny,
          hangedman_glass_teeth, minmay_misc_feat_diagonals,
          serial_bayou_lagoon_a
D:3:      portal_sewer_entry_e, st_stairs_10

Action                   |  1- 3 |  4- 6 || total
-------------------------+-------+-------++-------
Melee: Mace              |    80 |       ||    80
       Dagger            |   139 |       ||   139
Invok: Trog's Hand       |     1 |     1 ||     2
       Berserk           |       |     1 ||     1
  Use: Scroll            |     8 |     1 ||     9
  Eat: Bread ration      |     2 |       ||     2
       Fruit             |     1 |       ||     1
